AoeStats
← lorry7138

Four Lakes

508845309Analyzed
1v1 RM · 6d ago on Sep 24, 2026· 48m 45s· 2 players
Game mode
Random Map
Map size
Tiny (2 player)
Population
200
Speed
Normal
Resources
Standard
Victory
Conquest
Starting age
Dark Age
Ending age
Imperial Age
RankedLock teamsTeams togetherTeam positionsShared explorationLock speedFull tech treeHidden civsTurbo modeCheats
Victory
Defeat
🇨🇳 Japanese · China
843
+16
🇪🇸 Franks · Spain
834
-16
Dentato
11:06 Feudal Age
11:51 Double-Bit Axe
15:39 Scale Barding Armor
18:15 Fishing Lines
22:19 Castle Age
20:59 Stone Mining
20:59 Gold Mining
22:09 Town Watch
27:15 Bow Saw
31:53 Imperial Age
31:44 Fletching
33:02 Elite Throwing Axeman
36:25 Gold Shaft Mining
38:01 Wheelbarrow
38:12 Wheelbarrow
38:54 Conscription
38:42 Chivalry
40:34 Gillnets
41:58 Light Cavalry
43:25 Husbandry
43:54 Cavalier
46:33 Chain Barding Armor
45:53 Paladin
lorry7138
0:31 Loom
11:56 Feudal Age
13:21 Wheelbarrow
12:32 Town Watch
12:34 Fishing Lines
13:14 Double-Bit Axe
17:31 Castle Age
16:43 Forging
16:34 Scale Mail Armor
17:44 Gold Mining
17:45 Stone Mining
18:27 Squires
18:45 Hand Cart
18:40 Gillnets
19:39 Pikeman
20:20 Man-at-Arms
21:06 Fletching
21:40 Hand Cart
22:46 Gold Shaft Mining
22:49 Medium Warships
22:56 Horse Collar
23:29 Bow Saw
27:15 Treadmill Crane
27:32 Murder Holes
31:28 Imperial Age
29:38 Heavy Plow
31:05 Yasama
31:56 Iron Casting
31:37 Chain Mail Armor
32:02 Capped Ram
32:33 Halberdier
32:35 Long Swordsman
33:00 Gambesons
33:02 Arson
35:07 Bodkin Arrow
35:13 Padded Archer Armor
36:05 Conscription
36:23 Fervor
36:02 Two-Handed Swordsman
37:49 Blast Furnace
37:20 Plate Mail Armor
39:13 Champion
40:24 Conscription
41:26 Masonry
40:53 Elite Samurai
42:48 Kataparuto
43:53 Kataparuto
44:08 Hoardings
45:55 Siege Engineers
46:11 Ballistics
46:53 Chemistry
Connection lost

Rejoining the realm…

Still unreachable

The connection could not be restored.

Session expired

The server has moved on; the page needs a fresh start.